 Dungeon Crawl Stone Soup version 0.30-a0-159-g068b764562 (webtiles) character file.

Game seed: 5980574614350010702

114 zishaf the Purveyor of Pain (level 5, 0/39 HPs)
             Began as a Human Necromancer on Sept 27, 2022.
             Was an Initiate of Kikubaaqudgha.
             Slain by a gnoll
             ... wielding a +0 halberd
             ... led by a gnoll bouda
              (12 damage)
             ... on level 6 of the Dungeon.
             The game lasted 00:05:03 (2944 turns).

zishaf the Purveyor of Pain (Human Necromancer)     Turns: 2944, Time: 00:05:03

Health: 0/39       AC:  4    Str:  9    XL:     5   Next: 19%
Magic:  7/9        EV: 12    Int: 15    God:    Kikubaaqudgha [......]
Gold:   165        SH:  0    Dex: 17    Spells: 2/10 levels left

rFire   . . .      SeeInvis +    s - +5 spear "Ontun" {venom, Int-2 Dex+4 SInv}
rCold   + . .      Faith    .    (no shield)
rNeg    . . .      Spirit   .    n - +2 robe {rC+}
rPois   .          Reflect  .    (no helmet)
rElec   .          Harm     .    (no cloak)
rCorr   .          Rampage  .    (no gloves)
Will    .....                    (no boots)
Stlth   ++........               (no amulet)
HPRegen 0.13/turn                d - ring of see invisible
MPRegen 0.11/turn                (no ring)

@: no status effects
A: wild magic 1
a: Renounce Religion


You were on level 6 of the Dungeon.
You worshipped Kikubaaqudgha.
Kikubaaqudgha was noncommittal.
You visited 1 branch of the dungeon, and saw 4 of its levels.

You collected 165 gold pieces.

Inventory:

Hand Weapons
 q - a +3 short sword of protection
 s - the +5 spear "Ontun" (weapon) {venom, Int-2 Dex+4 SInv}
   (You took it off a goblin on level 3 of the Dungeon)

   It poisons the flesh of those it strikes.
   Int:       It affects your intelligence (-2).
   Dex:       It affects your dexterity (+4).
   SInv:      It lets you see invisible.
Missiles
 f - 5 poisoned darts
 h - a throwing net
Armour
 n - a +2 robe of cold resistance (worn)
Magical Staves
 g - a staff of cold
Jewellery
 d - a ring of see invisible (left hand)
Scrolls
 a - 2 scrolls of blinking
 c - a scroll of magic mapping
 i - a scroll of fog {unknown}
 k - a scroll of teleportation
Potions
 b - a potion of magic
 e - a potion of haste {unknown}
 o - a potion of attraction {unknown}
 p - a potion of heal wounds {unknown}
 r - a potion of mutation


   Skills:
 + Level 2.3 Fighting
 - Level 2.0 Dodging
 - Level 2.0 Stealth
 + Level 3.0 Spellcasting
 + Level 4.8 Necromancy


You had 2 spell levels left.
You knew the following spells:

 Your Spells              Type           Power      Damage    Failure   Level
a - Necrotise             Necr           84%        1d8       4%          1
b - Vampiric Draining     Necr           21%        2d7       13%         3
A - Animate Dead          Necr           21%        N/A       34%         4

Your spell library contained the following spells:

 Spells                   Type           Power      Damage    Failure   Level
 Scorch                   Fire           4%         2d5       38%         2
 Gell's Gravitas          Tloc           2%         N/A       61%         3
 Teleport Other           Tloc           2%         N/A       61%         3
 Agony                    Necr           21%        N/A       67%         5
 Flame Wave               Conj/Fire      2%         2d4       93%         4
 Dispersal                Tloc           1%         N/A       100%        6
 Summon Cactus Giant      Summ           1%         N/A       100%        6


Dungeon Overview and Level Annotations

Branches:
Dungeon (3/15)

Altars:
Elyvilon
Kikubaaqudgha


Innate Abilities, Weirdness & Mutations

Your spells are a little harder to cast, but a little more powerful.


Message History

i - a scroll labelled COZES RALLE You open the door. 2 gnolls come into view.
The gnoll shouts!
A gnoll bouda and a gnoll come into view.
The gnoll bouda shouts!
The gnoll shouts!
The gnoll moves out of view.
The gnoll bouda barks out a call to the hunt!
The gnolls pick up the pace!
Casting: Necrotise (safe; 2% risk of failure)
Confirm with . or Enter, or press ? or * to list all spells.
Okay, then.
You reach to attack!
You hit the gnoll but do no damage.
The gnoll is poisoned.
The gnoll barely misses you.
You barely miss the gnoll.
The gnoll is moderately wounded.
Casting: Necrotise (safe; 2% risk of failure)
Confirm with . or Enter, or press ? or * to list all spells.
Aiming: Necrotise (safe; 2% risk of failure)
Press: ? - help, Shift-Dir - straight line, f/p - gnoll
Aim: a gnoll, wielding a +0 whip (moderately wounded, covering ground quickly, very poisoned, chance to affect: 80%)
The gnoll writhes in agony.
The gnoll hits you from afar with a +0 halberd.
The gnoll hits you with a +0 whip!
Casting: Necrotise (safe; 2% risk of failure)
Confirm with . or Enter, or press ? or * to list all spells.
Aiming: Necrotise (safe; 2% risk of failure)
Press: ? - help, Shift-Dir - straight line, f/p - gnoll
Aim: a gnoll, wielding a +0 whip (heavily wounded, covering ground quickly, very poisoned, chance to affect: 80%)
The gnoll writhes in agony!
You kill the gnoll!
Kikubaaqudgha accepts your kill.
The dead are walking!
The gnoll hits you from afar with a +0 halberd!
* * * LOW HITPOINT WARNING * * *
It was a potion of mutation.
You feel extremely strange.
You feel less in control of your magic.
The gnoll hits you from afar with a +0 halberd!
You die...
Kikubaaqudgha rasps: "You have failed me!
Welcome... death!"

##
..#########
........)@#
.......Z# .
.......g# ..
###.....# ...
#....g## ....
##.....#
.....
#.....#......
#.....'......
#######g.....


You could see a gnoll bouda, a gnoll (swift, ally target) and a friendly gnoll
skeleton.

Vanquished Creatures
  Jessica (D:2)
  A gnoll (D:6)
  3 adders
  2 dart slugs (D:1)
  An endoplasm (D:1)
  2 giant cockroaches (D:1)
  4 goblins
  2 hobgoblins (D:1)
  5 jackals (D:3)
  2 kobolds (D:1)
  3 quokkas
  4 ball pythons
  A bat (D:2)
  A frilled lizard (D:1)
  9 rats
41 creatures vanquished.

Vanquished Creatures (collateral kills)
  An orc (D:3)
  2 endoplasms (D:3)
  A giant cockroach (D:1)
  A ball python (D:1)
  A frilled lizard (D:1)
6 creatures vanquished.

Grand Total: 47 creatures vanquished

Notes
Turn   | Place    | Note
-------+----------+-------------------------------------------
     0 | D:1      | zishaf the Human Necromancer began the quest for the Orb.
     0 | D:1      | Reached XP level 1. HP: 13/13 MP: 3/3
   331 | D:1      | Reached XP level 2. HP: 20/20 MP: 0/5
   678 | D:1      | Reached skill level 1 in Fighting
   727 | D:1      | Found a faded altar of an unknown god.
   794 | D:1      | Reached XP level 3. HP: 22/26 MP: 0/6
   798 | D:1      | Learned a level 3 spell: Vampiric Draining
  1488 | D:2      | Noticed Jessica
  1495 | D:2      | Killed Jessica
  1496 | D:2      | Reached XP level 4. HP: 21/33 MP: 1/8
  2278 | D:3      | Learned a level 4 spell: Animate Dead
  2398 | D:3      | Found a white marble altar of Elyvilon.
  2399 | D:3      | Identified the +5 spear "Ontun" {venom, Int-2 Dex+4 SInv}
  2447 | D:3      | Found an ancient bone altar of Kikubaaqudgha.
  2470 | D:3      | Became a worshipper of Kikubaaqudgha
  2577 | D:3      | Reached XP level 5. HP: 25/38 MP: 3/9
  2744 | D:3      | Noticed an ogre
  2922 | D:3      | You fall into a shaft and drop 3 floors!
  2944 | D:6      | Gained mutation: Your spells are a little harder to cast,
                  | but a little more powerful. [potion of mutation]
  2944 | D:6      | Slain by a gnoll

Illustrated notes

Levels and vault maps discovered:
D:1:      dpeg_arrival_round_a, layout_basic,
          hellmonk_ecumenical_altar_arch_garden
D:2:      layout_basic, uniq_jessica
D:3:      layout_rooms, grunt_temple_overflow_open, dk_noncrumbling_4
D:6:      layout_gridville, nzn_wu_jian_council_hall, kennysheep_slug_shrine,
          minmay_temple_entry_stoned_glass, uniq_menkaure

Skill      XL: |  1  2  3  4 |
---------------+-------------+-----
Fighting       | 1 2 |  2.3
Spellcasting   | 3 |  3.0
Dodging        | |  2.0
Stealth        | |  2.0
Necromancy     | |  4.8

Action                   |  1- 3 |  4- 6 || total
-------------------------+-------+-------++-------
Melee: Unarmed           |    15 |       ||    15
       Dagger            |     2 |       ||     2
       Punch             |     1 |       ||     1
       Spear             |       |    14 ||    14
       Short sword       |       |     2 ||     2
 Cast: Necrotise         |    51 |    32 ||    83
  Use: Scroll            |       |     9 ||     9
       Potion            |       |     1 ||     1
Armor: Robe              |     9 |     8 ||    17
Dodge: Dodged            |     9 |    14 ||    23

Table legend: (Time is in decaauts)
 A = Elapsed time spent in this place.
 B = Non-inter-level travel time spent in this place.
 C = Inter-level travel time spent in this place.
 D = Time resting spent in this place.
 E = Time spent auto-exploring this place.
 F = Levels seen in this place.
 G = Mean time per level.
                   A        B        C        D        E       F      G
               +--------+--------+--------+--------+--------+-----+--------+
         Total |   3019 |   2819 |    200 |     65 |   2304 |   4 |  754.8 |
       Dungeon |   3019 |   2819 |    200 |     65 |   2304 |   4 |  754.8 |
               +--------+--------+--------+--------+--------+-----+--------+

Top non-repeatable levels by time:
     D:1: 1231 daAuts
     D:2: 1131 daAuts
     D:3: 635 daAuts
     D:6: 21 daAuts
